 Dungeon Crawl Stone Soup version 0.30.0-20-g3615ddf2f0 (webtiles) character file.

Game seed: 1357950713567380802

44149 qw the Peltast (level 14, -4/88 HPs)
             Began as a Gargoyle Fighter on May 31, 2023.
             Was an Elder of Okawaru.
             Killed from afar by a deep elf pyromancer (25 damage)
             ... with a bolt of fire
             ... on level 13 of the Dungeon.
             The game lasted 00:11:29 (16169 turns).

qw the Peltast (Gargoyle Fighter)                  Turns: 16169, Time: 00:11:29

Health: -4/88      AC: 42    Str: 24    XL:     14   Next: 27%
Magic:  19/21      EV:  8    Int:  8    God:    Okawaru [****..]
Gold:   292        SH: 19    Dex:  7    Spells: 13/13 levels left

rFire   . . .        b - +1 broad axe
rCold   + . .        i - +0 tower shield
rNeg    + . .        t - +3 plate armour
rPois   inf          v - +1 helmet {SInv}
rElec   +            (no cloak)
rCorr   .            f - +2 pair of gloves
SInv    +            u - +0 pair of boots
Will    +....        x - amulet of faith Stlth
                     e - +4 ring of protection
HPRegen 0.34/turn    y - ring of protection from cold
MPRegen 0.17/turn

%: faith
@: heroic, marked, flying
A: sickness immunity, AC +10, big wings, negative energy resistance 1,
electricity resistance, torment resistance 1, petrification resistance, clumsy
1, weak 1
a: Renounce Religion, Heroism, Finesse


You were on level 13 of the Dungeon.
You worshipped Okawaru.
Okawaru was greatly pleased with you.
You visited 3 branches of the dungeon, and saw 19 of its levels.
You also visited: Sewer.

You collected 1132 gold pieces.
You spent 840 gold pieces at shops.


Innate Abilities, Weirdness & Mutations

You are immune to sickness and miasma.
Your stone body is resilient. (AC +10)
You are immune to poison.
Your large and strong wings let you fly.
You resist negative energy. (rN+)
You are resistant to electric shocks. (rElec)
You are resistant to unholy torment.
You are immune to petrification.
You are clumsy. (Dex -2)
You are weak. (Str -2)


   Skills:
 - Level 10.0(15.0) Fighting
 + Level 13.0(18.0) Axes
 - Level 0.5(5.5) Throwing
 - Level 10.0(15.0) Armour
 - Level 1.1(6.1) Dodging
 - Level 15.0(20.0) Shields
 - Level 10.0 Invocations


You had 13 spell levels left.
You didn't know any spells.
Your spell library was empty.

Inventory:

Hand Weapons
 b - a +1 broad axe (weapon)
 h - the +2 war axe of Doom {holy, rC+}
   (You found it on level 2 of the Lair of Beasts)

   rC:        It protects you from cold.
 n - a +1 war axe of flaming
Armour
 f - a +2 pair of gloves (worn)
 i - a +0 tower shield (worn)
 t - a +3 plate armour (worn)
 u - a +0 pair of boots (worn)
 v - a +1 helmet of see invisible (worn)
Jewellery
 e - a +4 ring of protection (left hand)
 m - an amulet of regeneration
 s - the ring of Xynopsuk {MP+9 Dex+2}
   (You acquired it in a sewer)

   [ring of magical power]

   Dex:       It affects your dexterity (+2).
   MP:        It affects your magic capacity (+9).
 w - a ring of fire
 x - an amulet of faith (around neck)
 y - a ring of protection from cold (right hand)
 z - a ring of ice
 Y - a ring of resist corrosion
Scrolls
 c - 7 scrolls of identify
 k - 6 scrolls of teleportation
Potions
 a - 3 potions of magic
 d - 9 potions of might
 g - 3 potions of mutation
 j - 5 potions of curing
 l - 6 potions of haste
 o - a potion of cancellation
 p - 2 potions of resistance
 q - 9 potions of heal wounds
 r - 3 potions of attraction
 A - a potion of lignification

Dungeon Overview and Level Annotations

Branches:
Dungeon (13/15)            Temple (1/1) D:5            Lair (5/5) D:9
 Shoals (0/4) Lair:3        Snake (0/4) Lair:3        Slime (0/5) Lair:5
    Orc (0/2) D:10         Vaults (0/5) D:13          Sewer (visited)

Altars:
Ashenzari
Cheibriados
Dithmenos
Elyvilon
Fedhas
Gozag
Hepliaklqana
Kikubaaqudgha
Makhleb
Nemelex Xobeh
Okawaru
Qazlal
Ru
Sif Muna
Trog
Uskayaw
Vehumet
Wu Jian
Xom
Yredelemnul
Zin
The Shining One
Jiyva

Shops:
D:2 :   D:7 (   D:11 !

Annotations:
Lair:3 2 transporters, qw's ghost, journeyman GrFi


Message History

The unseen horror is heavily wounded.
You slash the fire elemental! You closely miss the fire elemental.
You closely miss the deep elf pyromancer.
You are covered in liquid flames!
The unseen horror hits you but does no damage.
The unseen horror closely misses you.
The deep elf pyromancer hits you with a +0 long sword.
You block the fire elemental's attack. The fire elemental hits you.
The fire elemental burns you!
You slice the unseen horror!!
You kill the unseen horror!
Okawaru accepts your kill.
You hit the fire elemental but do no damage.
You closely miss the fire elemental. You slash the deep elf pyromancer!
You are covered in liquid flames!
You block the deep elf pyromancer's attack.
You block the fire elemental's attack. x2
Your base Armour skill increases to level 10!
You hit the fire elemental.
The fire elemental is heavily damaged.
You barely miss the fire elemental.
You closely miss the deep elf pyromancer.
You block the fire elemental's attack. The fire elemental hits you.
The fire elemental burns you!
The deep elf pyromancer casts a spell at you.
The sticky flame hits you.
You are covered in liquid flames!
You barely miss the fire elemental.
The fire elemental is heavily damaged.
You miss the fire elemental. You slice the deep elf pyromancer!!
You are covered in liquid flames!
The fire elemental hits you. You block the fire elemental's attack.
You closely miss the deep elf pyromancer.
The deep elf pyromancer is severely wounded.
You slash the fire elemental! You slice the fire elemental!!
You are covered in liquid flames!
You are no longer on fire.
The deep elf pyromancer casts a spell at you.
The bolt of fire hits you!!
You die...

#.. . #.#
#.#########.#
.........##.#####
.........##.#....
#...........#
####...E......####
.\.....@)...<....#
####.$Ee#..^%.##.#
#.....#..<..#
........#........
..........#####..#
.#........# ....
#......... ...
.........# ...


You could see a deep elf pyromancer and 2 fire elementals.

Vanquished Creatures
  Fannar (D:12)
  4 hydras
  An ice dragon (Lair:3)
  A catoblepas (Lair:5)
  2 dancing weapons (D:13)
  A deep troll shaman (Lair:5)
  2 two-headed ogres
  6 death yaks (Lair:5)
  A skyshark (Lair:4)
  2 cyclopes (D:12)
  A salamander (Lair:3)
  2 manticores
  An oklob plant (Lair:5)
  4 black mambas
  14 elephants
  8 cane toads
  A gargoyle (D:12)
  An unseen horror (D:13)
  4 rime drakes
  5 komodo dragons
  2 polar bears
  2 trolls (D:11)
  20 blink frogs
  A shadow (D:9)
  6 slime creatures
  5 wyverns
  A vampire (D:13)
  17 yaks
  A steam dragon (D:9)
  3 basilisks
  Grum (D:11)
  6 vampire mosquitoes (D:12)
  4 wargs
  An acid dragon (D:11)
  Menkaure (D:7)
  9 water moccasins
  2 sky beasts
  7 black bears
  8 ice beasts
  3 orc warriors
  19 wolves
  2 ogres
  5 centaurs
  15 bullfrogs
  4 kobold brigands
  A gnoll sergeant (D:12)
  4 scorpions
  6 wights
  11 killer bees
  4 electric eels
  3 lava snakes (Lair:3)
  11 orc priests
  2 gnoll boudas
  2 hounds
  2 jellies
  2 iguanas
  10 orc wizards
  10 gnolls
  11 adders
  A river rat (D:5)
  4 shadow imps
  4 white imps
  2 ufetubi
  4 dart slugs
  33 orcs
  9 bats
  8 endoplasms
  2 giant cockroaches
  9 goblins
  14 hobgoblins
  6 jackals
  2 quokkas
  10 ball pythons
  5 frilled lizards
  40 kobolds
  9 rats
448 creatures vanquished.

Vanquished Creatures (others)
  An orc priest (D:10)
  An orc (D:10)
2 creatures vanquished.

Grand Total: 450 creatures vanquished

Notes
Turn   | Place    | Note
-------+----------+-------------------------------------------
     0 | D:1      | qw the Gargoyle Fighter began the quest for the Orb.
     0 | D:1      | Reached XP level 1. HP: 14/14 MP: 1/1
     0 | D:1      | 0 ||| qw: Version: 0.2-a-102-gfc559e5
     0 | D:1      | 0 ||| qw: Game counter: 529
     0 | D:1      | 0 ||| qw: Always use a shield: true
     0 | D:1      | 0 ||| qw: God list: Okawaru
     0 | D:1      | 0 ||| qw: Allow faded altars: false
     0 | D:1      | 0 ||| qw: Do Orc after D:15 true
     0 | D:1      | 0 ||| qw: Do second Lair branch before Depths: true
     0 | D:1      | 0 ||| qw: Lair rune preference: random
     0 | D:1      | 0 ||| qw: Plans: Normal, Zot:1-4, Slime:5, God:TSO, Crypt,
                  | Tomb, Pan, Hells, Abyss, Win
     0 | D:1      | 0 ||| PLANNING D:1-11
    11 | D:1      | 11 ||| Stepping ~*~*~tactically~*~*~ (stealth).
    28 | D:1      | Reached XP level 2. HP: 14/19 MP: 2/2
   152 | D:1      | Reached skill level 3 in Axes
   207 | D:1      | Reached XP level 3. HP: 23/23 MP: 3/3
   309 | D:1      | 309 ||| DROPPING +0 club.
   356 | D:1      | 356 ||| Stepping ~*~*~tactically~*~*~ (stealth).
   506 | D:1      | 506 ||| Stepping ~*~*~tactically~*~*~ (hiding).
   850 | D:1      | 850 ||| UPGRADING to +0 pair of gloves.
   855 | D:1      | 855 ||| UPGRADING to +0 tower shield.
   865 | D:1      | 865 ||| DROPPING +0 buckler.
   866 | D:1      | 866 ||| READING scroll labelled LICHAB ISIOS.
   867 | D:1      | 867 ||| READING 2 scrolls labelled UXTIZI XENYUPN.
   868 | D:1      | 868 ||| READING scroll labelled TAIFEL DUCUEDE.
   869 | D:1      | 869 ||| DROPPING scroll of vulnerability.
   892 | D:2      | Found a bloodstained altar of Trog.
   896 | D:2      | 896 ||| STAIRDANCE
   901 | D:1      | Reached skill level 4 in Shields
   901 | D:1      | Reached XP level 4. HP: 16/28 MP: 4/4
   977 | D:2      | Found Keulicw's Vocational Training.
  1034 | D:2      | 1034 ||| Stepping ~*~*~tactically~*~*~ (hiding).
  1038 | D:2      | 1038 ||| Stepping ~*~*~tactically~*~*~ (hiding).
  1132 | D:2      | 1132 ||| Stepping ~*~*~tactically~*~*~ (stealth).
  1334 | D:2      | 1334 ||| Stepping ~*~*~tactically~*~*~ (stealth).
  1345 | D:2      | Reached XP level 5. HP: 32/32 MP: 5/5
  1418 | D:2      | Found a faded altar of an unknown god.
  1502 | D:2      | 1502 ||| UPGRADING to +2 hat.
  1507 | D:2      | 1507 ||| UPGRADING to +4 ring of protection.
  1508 | D:2      | 1508 ||| READING 4 scrolls labelled NOELUY NAPN.
  1509 | D:2      | 1509 ||| READING 3 scrolls of enchant armour.
  1509 | D:2      | 1509 ||| ENCHANTING +0 pair of gloves.
  1510 | D:2      | 1510 ||| READING 2 scrolls of enchant armour.
  1510 | D:2      | 1510 ||| ENCHANTING +1 pair of gloves.
  1511 | D:2      | 1511 ||| READING 3 scrolls labelled MEONGANAYF.
  1512 | D:2      | 1512 ||| READING scroll labelled OLERRYIRAZI.
  1513 | D:2      | 1513 ||| DRINKING 2 smoky cyan potions.
  1513 | D:2      | Gained mutation: You are weak. (Str -2) [potion of
                  | mutation]
  1513 | D:2      | Gained mutation: You are clumsy. (Dex -2) [potion of
                  | mutation]
  1647 | D:3      | Reached skill level 5 in Shields
  1939 | D:3      | 1939 ||| Stepping ~*~*~tactically~*~*~ (hiding).
  2187 | D:3      | 2187 ||| UPGRADING to amulet of regeneration.
  2192 | D:3      | 2192 ||| READING 2 scrolls labelled QOUPYHOZATS.
  2196 | D:3      | 2196 ||| READING scroll labelled BIKLIS KIWE.
  2197 | D:3      | 2197 ||| READING scroll labelled ATWEIGITZI.
  2198 | D:3      | 2198 ||| READING scroll labelled RUFUEM KURE.
  2199 | D:3      | 2199 ||| READING 3 scrolls of identify.
  2199 | D:3      | 2199 ||| IDENTIFYING lumpy red potion
  2200 | D:3      | 2200 ||| READING 2 scrolls of identify.
  2200 | D:3      | 2200 ||| IDENTIFYING metallic brown potion
  2346 | D:4      | Reached skill level 6 in Shields
  2346 | D:4      | Reached XP level 6. HP: 37/37 MP: 6/6
  2655 | D:4      | 2655 ||| UPGRADING to ring of resist corrosion.
  2690 | D:5      | Entered Level 5 of the Dungeon
  2691 | D:5      | 2691 ||| PLANNING SEWER
  2709 | D:5      | Found a glowing drain.
  2731 | Sewer    | Entered a sewer
  2760 | Sewer    | 2760 ||| Stepping ~*~*~tactically~*~*~ (water).
  3011 | Sewer    | 3011 ||| READING scroll labelled QOXOXI FAGYEKH.
  3011 | Sewer    | Identified a scroll of acquirement
  3011 | Sewer    | 3011 ||| ACQUIRING ring of Xynopsuk {MP+9 Dex+2}
  3011 | Sewer    | Acquired the ring of Xynopsuk {MP+9 Dex+2}
  3013 | Sewer    | 3013 ||| DRINKING 3 viscous dark potions.
  3014 | Sewer    | 3014 ||| DRINKING 2 lumpy clear potions.
  3015 | Sewer    | 3015 ||| READING 3 scrolls of identify.
  3015 | Sewer    | 3015 ||| IDENTIFYING metallic red potion
  3016 | Sewer    | 3016 ||| DROPPING potion of brilliance.
  3031 | D:5      | 3031 ||| PLANNING D:1-11
  3114 | D:5      | Noticed a black bear
  3122 | D:5      | Killed a black bear
  3123 | D:5      | Reached skill level 7 in Shields
  3130 | D:5      | Reached XP level 7. HP: 38/41 MP: 7/7
  3152 | D:5      | Identified the +8 mace "Jesowarr" {venom, Int+3}
  3154 | D:5      | 3154 ||| DROPPING +0 mace.
  3167 | D:5      | 3167 ||| Stepping ~*~*~tactically~*~*~ (hiding).
  3197 | D:5      | Found a staircase to the Ecumenical Temple.
  3198 | D:5      | 3198 ||| PLANNING TEMPLE
  3205 | Temple   | Entered the Ecumenical Temple
  3280 | Temple   | 3280 ||| PLANNING OKAWARU WORSHIP
  3452 | Temple   | Became a worshipper of Warmaster Okawaru
  3452 | Temple   | 3452 ||| PLANNING D:1-11
  3537 | D:5      | Found a white marble altar of Elyvilon.
  3545 | D:5      | 3545 ||| Stepping ~*~*~tactically~*~*~ (stealth).
  3548 | D:5      | 3548 ||| Stepping ~*~*~tactically~*~*~ (stealth).
  3557 | D:5      | Reached skill level 8 in Shields
  3674 | D:5      | 3674 ||| Stepping ~*~*~tactically~*~*~ (stealth).
  3690 | D:5      | Reached XP level 8. HP: 46/46 MP: 8/8
  3817 | D:5      | Reached * piety under Okawaru
  3838 | D:5      | Reached skill level 1 in Invocations
  3856 | D:5      | 3856 ||| UPGRADING to +0 plate armour.
  3866 | D:5      | 3866 ||| DROPPING +0 scale mail.
  3867 | D:5      | 3867 ||| READING 2 scrolls of enchant armour.
  3867 | D:5      | 3867 ||| ENCHANTING +0 plate armour.
  3868 | D:5      | 3868 ||| READING scroll of enchant armour.
  3868 | D:5      | 3868 ||| ENCHANTING +1 plate armour.
  3869 | D:5      | 3869 ||| READING 4 scrolls of identify.
  3869 | D:5      | 3869 ||| IDENTIFYING fizzy blue potion
  3932 | D:6      | 3932 ||| INVOKING Heroism.
  3978 | D:6      | 3978 ||| INVOKING Heroism.
  3989 | D:6      | Reached skill level 9 in Shields
  3989 | D:6      | Reached skill level 3 in Invocations
  4063 | D:6      | 4063 ||| INVOKING Heroism.
  4332 | D:6      | 4332 ||| INVOKING Heroism.
  4336 | D:6      | Reached skill level 6 in Axes
  4336 | D:6      | Reached XP level 9. HP: 22/52 MP: 9/12
  4406 | D:6      | 4406 ||| Stepping ~*~*~tactically~*~*~ (hiding).
  4431 | D:6      | 4431 ||| INVOKING Heroism.
  4642 | D:6      | 4642 ||| Stepping ~*~*~tactically~*~*~ (hiding).
  4780 | D:6      | 4780 ||| READING scroll labelled OFOAGAVIAJE.
  4828 | D:7      | 4828 ||| STAIRDANCE
  4831 | D:6      | Reached skill level 10 in Shields
  4847 | D:7      | Found Jisabarch's Weapon Shop.
  4887 | D:7      | 4887 ||| INVOKING Heroism.
  4982 | D:7      | Noticed Menkaure
  4983 | D:7      | 4983 ||| INVOKING Heroism.
  4986 | D:7      | 4986 ||| Stepping ~*~*~tactically~*~*~ (hiding).
  4992 | D:7      | Killed Menkaure
  5061 | D:7      | Identified the +9 quarterstaff "Momut" {freeze, rC+ Str+6
                  | Dex+4}
  5066 | D:7      | 5066 ||| Stepping ~*~*~tactically~*~*~ (hiding).
  5104 | D:7      | 5104 ||| Stepping ~*~*~tactically~*~*~ (stealth).
  5106 | D:7      | 5106 ||| Stepping ~*~*~tactically~*~*~ (hiding).
  5107 | D:7      | 5107 ||| Stepping ~*~*~tactically~*~*~ (hiding).
  5121 | D:7      | 5121 ||| INVOKING Heroism.
  5222 | D:8      | Reached ** piety under Okawaru
  5366 | D:8      | 5366 ||| INVOKING Heroism.
  5530 | D:8      | 5530 ||| DRINKING potion of curing.
  5530 | D:8      | 5530 ||| (to cure confusion)
  5593 | D:8      | 5593 ||| INVOKING Heroism.
  5598 | D:8      | 5598 ||| Stepping ~*~*~tactically~*~*~ (water).
  5604 | D:8      | Reached skill level 11 in Shields
  5776 | D:8      | 5776 ||| Stepping ~*~*~tactically~*~*~ (hiding).
  5786 | D:8      | Reached XP level 10. HP: 59/59 MP: 13/13
  5925 | D:8      | Noticed a two-headed ogre
  5926 | D:8      | 5926 ||| INVOKING Heroism.
  5936 | D:8      | Killed a two-headed ogre
  6256 | D:8      | 6256 ||| READING scroll labelled VALOL JULETRUO.
  6257 | D:8      | 6257 ||| DRINKING 2 ruby potions.
  6258 | D:8      | 6258 ||| READING 6 scrolls of identify.
  6258 | D:8      | 6258 ||| IDENTIFYING inky potion
  6259 | D:8      | 6259 ||| READING 5 scrolls of identify.
  6259 | D:8      | 6259 ||| IDENTIFYING coppery potion
  6260 | D:8      | 6260 ||| DROPPING potion of ambrosia.
  6261 | D:8      | 6261 ||| DROPPING potion of degeneration.
  6302 | D:9      | Identified the +6 flail "Waotuim" {speed, rF- Will+++ Str-3
                  | Dex+3}
  6304 | D:9      | 6304 ||| DROPPING +8 mace "Jesowarr" {venom, Int+3}.
  6384 | D:9      | 6384 ||| INVOKING Heroism.
  6456 | D:9      | Noticed a two-headed ogre
  6457 | D:9      | 6457 ||| INVOKING Heroism.
  6470 | D:9      | Killed a two-headed ogre
  6547 | D:9      | 6547 ||| Stepping ~*~*~tactically~*~*~ (stealth).
  6547 | D:9      | Found a staircase to the Lair.
  6552 | D:9      | 6552 ||| DRINKING potion of curing.
  6552 | D:9      | 6552 ||| (to cure confusion)
  6576 | D:9      | Found a hide-covered altar of Uskayaw.
  6712 | D:9      | 6712 ||| INVOKING Heroism.
  6766 | D:9      | 6766 ||| READING scroll labelled EPPERGHESIV.
  6798 | D:9      | 6798 ||| READING scroll of brand weapon.
  6798 | D:9      | 6798 ||| BRANDING +1 war axe of protection.
  6799 | D:9      | 6799 ||| DROPPING +6 flail "Waotuim" {speed, rF- Will+++
                  | Str-3 Dex+3}.
  6902 | D:9      | 6902 ||| Stepping ~*~*~tactically~*~*~ (hiding).
  6934 | D:9      | 6934 ||| Stepping ~*~*~tactically~*~*~ (stealth).
  6954 | D:9      | Reached skill level 1 in Dodging
  7073 | D:9      | Found an opulent altar of Gozag.
  7073 | D:9      | Found a snail-covered altar of Cheibriados.
  7333 | D:9      | 7333 ||| PLANNING LAIR
  7333 | D:9      | 7333 ||| READING scroll labelled CAXTYS VENUDGH.
  7370 | Lair:1   | Entered Level 1 of the Lair of Beasts
  7370 | Lair:1   | You fall into a shaft and drop 1 floor!
  7395 | Lair:2   | Noticed a cane toad
  7396 | Lair:2   | 7396 ||| Stepping ~*~*~tactically~*~*~ (stealth).
  7397 | Lair:2   | 7397 ||| INVOKING Heroism.
  7409 | Lair:2   | Killed a cane toad
  7409 | Lair:2   | Reached *** piety under Okawaru
  7410 | Lair:2   | Reached skill level 9 in Axes
  7480 | Lair:2   | 7480 ||| INVOKING Heroism.
  7505 | Lair:2   | 7505 ||| INVOKING Heroism.
  7526 | Lair:2   | 7526 ||| INVOKING Heroism.
  7546 | Lair:2   | 7546 ||| INVOKING Heroism.
  7557 | Lair:2   | Reached skill level 12 in Shields
  7557 | Lair:2   | Reached XP level 11. HP: 67/67 MP: 12/14
  7635 | Lair:2   | 7635 ||| INVOKING Heroism.
  7650 | Lair:2   | Reached skill level 6 in Armour
  7683 | Lair:2   | 7683 ||| READING scroll labelled CAMEAXUTTO.
  7689 | Lair:2   | 7689 ||| INVOKING Heroism.
  7758 | Lair:2   | 7758 ||| INVOKING Heroism.
  7883 | Lair:1   | 7883 ||| INVOKING Heroism.
  7901 | Lair:1   | 7901 ||| INVOKING Heroism.
  8072 | Lair:1   | 8072 ||| INVOKING Heroism.
  8118 | Lair:1   | 8118 ||| INVOKING Heroism.
  8175 | Lair:1   | 8175 ||| INVOKING Heroism.
  8202 | Lair:1   | 8202 ||| INVOKING Heroism.
  8242 | Lair:1   | Noticed a four-headed hydra
  8243 | Lair:1   | 8243 ||| INVOKING Heroism.
  8253 | Lair:1   | Killed a one-headed hydra
  8254 | Lair:1   | Reached skill level 13 in Shields
  8388 | Lair:1   | 8388 ||| INVOKING Heroism.
  8577 | Lair:1   | Reached **** piety under Okawaru
  8798 | Lair:1   | 8798 ||| DROPPING ring of wizardry.
  8799 | Lair:1   | 8799 ||| READING 5 scrolls of identify.
  8799 | Lair:1   | 8799 ||| IDENTIFYING sedimented pink potion
  8800 | Lair:1   | 8800 ||| READING 4 scrolls of identify.
  8800 | Lair:1   | 8800 ||| IDENTIFYING fizzy silvery potion
  8801 | Lair:1   | 8801 ||| DROPPING potion of invisibility.
  8830 | Lair:2   | Received a gift from Okawaru
  8836 | Lair:2   | 8836 ||| INVOKING Heroism.
  8851 | Lair:2   | Reached XP level 12. HP: 58/73 MP: 13/16
  8891 | Lair:2   | Reached skill level 6 in Invocations
  8913 | Lair:2   | Identified the +2 war axe of Doom {holy, rC+}
  8915 | Lair:2   | 8915 ||| SWAPPING to +2 war axe of Doom {holy, rC+}.
  8957 | Lair:2   | 8957 ||| READING scroll of enchant armour.
  8957 | Lair:2   | 8957 ||| ENCHANTING +2 plate armour.
  9065 | Lair:2   | Reached ***** piety under Okawaru
  9272 | Lair:3   | 9272 ||| Stepping ~*~*~tactically~*~*~ (stealth).
  9280 | Lair:3   | 9280 ||| INVOKING Heroism.
  9371 | Lair:3   | 9371 ||| SWAPPING to +0 broad axe.
  9381 | Lair:3   | Found a staircase to the Shoals.
  9425 | Lair:3   | 9425 ||| INVOKING Heroism.
  9428 | Lair:3   | 9428 ||| Stepping ~*~*~tactically~*~*~ (stealth).
  9442 | Lair:3   | Noticed an ice dragon
  9443 | Lair:3   | 9443 ||| Stepping ~*~*~tactically~*~*~ (hiding).
  9446 | Lair:3   | 9446 ||| Stepping ~*~*~tactically~*~*~ (stealth).
  9447 | Lair:3   | 9447 ||| INVOKING Finesse.
  9464 | Lair:3   | Killed an ice dragon
  9464 | Lair:3   | Received a gift from Okawaru
  9466 | Lair:3   | 9466 ||| INVOKING Heroism.
  9476 | Lair:3   | 9476 ||| Stepping ~*~*~tactically~*~*~ (stealth).
  9478 | Lair:3   | 9478 ||| Stepping ~*~*~tactically~*~*~ (stealth).
  9480 | Lair:3   | 9480 ||| Stepping ~*~*~tactically~*~*~ (stealth).
  9488 | Lair:3   | 9488 ||| Stepping ~*~*~tactically~*~*~ (stealth).
  9517 | Lair:3   | 9517 ||| Stepping ~*~*~tactically~*~*~ (stealth).
  9518 | Lair:3   | 9518 ||| Stepping ~*~*~tactically~*~*~ (stealth).
  9526 | Lair:3   | 9526 ||| INVOKING Heroism.
  9548 | Lair:3   | 9548 ||| Stepping ~*~*~tactically~*~*~ (stealth).
  9549 | Lair:3   | 9549 ||| Stepping ~*~*~tactically~*~*~ (stealth).
  9550 | Lair:3   | 9550 ||| Stepping ~*~*~tactically~*~*~ (stealth).
  9612 | Lair:3   | Noticed qw's ghost (journeyman GrFi)
  9614 | Lair:3   | Found a bloodstained altar of Trog.
  9614 | Lair:3   | Found a transporter.
  9624 | Lair:3   | 9624 ||| INVOKING Heroism.
  9626 | Lair:3   | 9626 ||| Stepping ~*~*~tactically~*~*~ (stealth).
  9865 | Lair:3   | 9865 ||| INVOKING Heroism.
  9922 | Lair:3   | 9922 ||| INVOKING Heroism.
  9995 | Lair:3   | Found a transporter.
 10099 | Lair:3   | Found a staircase to the Snake Pit.
 10113 | Lair:3   | 10113 ||| INVOKING Heroism.
 10239 | Lair:3   | 10239 ||| Stepping ~*~*~tactically~*~*~ (hiding).
 10508 | Lair:4   | Reached skill level 9 in Invocations
 10599 | Lair:4   | Noticed a skyshark
 10618 | Lair:4   | Killed a skyshark
 10678 | Lair:4   | 10678 ||| INVOKING Heroism.
 10841 | Lair:4   | Reached skill level 9 in Fighting
 10985 | Lair:4   | 10985 ||| Stepping ~*~*~tactically~*~*~ (stealth).
 11008 | Lair:4   | Reached XP level 13. HP: 70/80 MP: 20/20
 11021 | Lair:4   | Reached skill level 14 in Shields
 11034 | Lair:4   | Received a gift from Okawaru
 11190 | Lair:4   | 11190 ||| UPGRADING to +0 pair of boots.
 11195 | Lair:4   | 11195 ||| UPGRADING to +1 helmet of see invisible.
 11205 | Lair:4   | 11205 ||| DROPPING +2 hat.
 11238 | Lair:5   | Entered Level 5 of the Lair of Beasts
 11239 | Lair:5   | 11239 ||| INVOKING Heroism.
 11240 | Lair:5   | 11240 ||| INVOKING Finesse.
 11673 | Lair:5   | Found a viscous altar of Jiyva.
 11674 | Lair:5   | 11674 ||| INVOKING Heroism.
 11676 | Lair:5   | Found a staircase to the Slime Pits.
 11886 | Lair:5   | 11886 ||| INVOKING Heroism.
 11906 | Lair:5   | Reached skill level 12 in Axes
 11915 | Lair:5   | 11915 ||| INVOKING Heroism.
 11920 | Lair:5   | 11920 ||| SWAPPING to +1 war axe of flaming.
 11928 | Lair:5   | 11928 ||| SWAPPING to +0 broad axe.
 12134 | Lair:5   | 12134 ||| Stepping ~*~*~tactically~*~*~ (stealth).
 12136 | Lair:5   | 12136 ||| INVOKING Heroism.
 12153 | Lair:5   | Reached skill level 9 in Armour
 12178 | Lair:5   | 12178 ||| Stepping ~*~*~tactically~*~*~ (stealth).
 12187 | Lair:5   | 12187 ||| INVOKING Heroism.
 12199 | Lair:5   | 12199 ||| SWAPPING to +1 war axe of flaming.
 12210 | Lair:5   | 12210 ||| SWAPPING to +0 broad axe.
 12229 | Lair:5   | 12229 ||| Stepping ~*~*~tactically~*~*~ (stealth).
 12250 | Lair:5   | Identified the amulet "Ucvaczid" {Acrobat Drain rN+ Dex+3}
 12336 | Lair:5   | 12336 ||| PLANNING D:1-11
 12336 | Lair:5   | 12336 ||| DROPPING amulet "Ucvaczid" {Acrobat Drain rN+
                  | Dex+3}.
 12337 | Lair:5   | 12337 ||| UPGRADING to amulet of faith.
 12347 | Lair:5   | 12347 ||| UPGRADING to ring of protection from cold.
 12480 | D:10     | Entered Level 10 of the Dungeon
 12491 | D:10     | 12491 ||| Stepping ~*~*~tactically~*~*~ (hiding).
 12492 | D:10     | 12492 ||| Stepping ~*~*~tactically~*~*~ (hiding).
 12494 | D:10     | 12494 ||| Stepping ~*~*~tactically~*~*~ (hiding).
 12495 | D:10     | 12495 ||| Stepping ~*~*~tactically~*~*~ (hiding).
 12497 | D:10     | 12497 ||| Stepping ~*~*~tactically~*~*~ (hiding).
 12507 | D:10     | 12507 ||| FLEEEEING.
 12508 | D:10     | 12508 ||| FLEEEEING.
 12509 | D:10     | 12509 ||| FLEEEEING.
 12510 | D:10     | 12510 ||| FLEEEEING.
 12511 | D:10     | 12511 ||| FLEEEEING.
 12512 | D:10     | 12512 ||| STAIRDANCE
 12562 | D:9      | 12562 ||| Stepping ~*~*~tactically~*~*~ (hiding).
 12792 | D:10     | 12792 ||| Stepping ~*~*~tactically~*~*~ (hiding).
 12794 | D:10     | 12794 ||| Stepping ~*~*~tactically~*~*~ (hiding).
 12796 | D:10     | 12796 ||| Stepping ~*~*~tactically~*~*~ (hiding).
 12798 | D:10     | 12798 ||| Stepping ~*~*~tactically~*~*~ (hiding).
 12826 | D:10     | 12826 ||| Stepping ~*~*~tactically~*~*~ (stealth).
 12827 | D:10     | 12827 ||| Stepping ~*~*~tactically~*~*~ (stealth).
 12829 | D:10     | 12829 ||| Stepping ~*~*~tactically~*~*~ (stealth).
 12830 | D:10     | 12830 ||| Stepping ~*~*~tactically~*~*~ (stealth).
 12837 | D:10     | 12837 ||| Stepping ~*~*~tactically~*~*~ (hiding).
 12901 | D:10     | Found a staircase to the Orcish Mines.
 13005 | D:10     | 13005 ||| FLEEEEING.
 13006 | D:10     | 13006 ||| FLEEEEING.
 13031 | D:10     | 13031 ||| Stepping ~*~*~tactically~*~*~ (stealth).
 13206 | D:10     | 13206 ||| Stepping ~*~*~tactically~*~*~ (stealth).
 13210 | D:10     | 13210 ||| Stepping ~*~*~tactically~*~*~ (stealth).
 13247 | D:10     | 13247 ||| Stepping ~*~*~tactically~*~*~ (hiding).
 13763 | D:11     | 13763 ||| PLANNING GAUNTLET
 14032 | D:11     | 14032 ||| Stepping ~*~*~tactically~*~*~ (stealth).
 14034 | D:11     | 14034 ||| INVOKING Heroism.
 14062 | D:11     | 14062 ||| READING scroll of enchant weapon.
 14062 | D:11     | 14062 ||| ENCHANTING +0 broad axe.
 14183 | D:11     | 14183 ||| RIP GAUNTLET
 14204 | D:11     | 14204 ||| PLANNING D:1-11
 14239 | D:11     | Found Qefiemao's Distillery.
 14243 | D:11     | 14243 ||| BUYING 2 potions of haste (300 gold).
 14243 | D:11     | Bought 2 potions of haste for 300 gold pieces
 14243 | D:11     | 14243 ||| BUYING 2 potions of magic (240 gold).
 14243 | D:11     | Bought 2 potions of magic for 240 gold pieces
 14243 | D:11     | 14243 ||| BUYING potion of attraction (45 gold).
 14243 | D:11     | Bought a potion of attraction for 45 gold pieces
 14243 | D:11     | 14243 ||| BUYING potion of curing (45 gold).
 14243 | D:11     | Bought a potion of curing for 45 gold pieces
 14243 | D:11     | 14243 ||| BUYING potion of heal wounds (75 gold).
 14243 | D:11     | Bought a potion of heal wounds for 75 gold pieces
 14243 | D:11     | 14243 ||| BUYING potion of heal wounds (75 gold).
 14243 | D:11     | Bought a potion of heal wounds for 75 gold pieces
 14243 | D:11     | 14243 ||| BUYING potion of might (60 gold).
 14243 | D:11     | Bought a potion of might for 60 gold pieces
 14243 | D:11     | 14243 ||| SHOPLISTING potion of resistance (150 gold, have
                  | 117).
 14637 | D:11     | Noticed Grum
 14638 | D:11     | 14638 ||| Stepping ~*~*~tactically~*~*~ (hiding).
 14642 | D:11     | 14642 ||| INVOKING Heroism.
 14653 | D:11     | Killed Grum
 14793 | D:11     | Identified the +8 flail of Ucac {freeze, *Rage rCorr Str+4}
 15111 | D:11     | 15111 ||| PLANNING D
 15111 | D:11     | 15111 ||| READING 9 scrolls of identify.
 15111 | D:11     | 15111 ||| IDENTIFYING metallic clear potion
 15112 | D:11     | 15112 ||| DROPPING potion of flight.
 15180 | D:12     | 15180 ||| INVOKING Heroism.
 15192 | D:12     | Gained mutation: Your large and strong wings let you fly.
                  | [Gargoyle growth]
 15192 | D:12     | Reached XP level 14. HP: 75/88 MP: 19/21
 15201 | D:12     | 15201 ||| STAIRDANCE
 15335 | D:12     | Noticed Fannar
 15364 | D:12     | Killed Fannar
 15595 | D:12     | Found the +5 robe of Misfortune {Harm *Corrode *Slow EV+5}
 15746 | D:12     | Found a basalt altar of Yredelemnul.
 15774 | D:12     | Reached skill level 15 in Shields
 16102 | D:12     | 16102 ||| READING 8 scrolls of identify.
 16102 | D:12     | 16102 ||| IDENTIFYING fuming black potion
 16118 | D:13     | 16118 ||| INVOKING Heroism.
 16122 | D:13     | 16122 ||| SWAPPING to +1 war axe of flaming.
 16132 | D:13     | 16132 ||| SWAPPING to +1 broad axe.
 16153 | D:13     | Found a gate to the Vaults.
 16164 | D:13     | 16164 ||| INVOKING Heroism.
 16169 | D:13     | HP: 20/88 [burnt (4)]
 16169 | D:13     | Killed from afar by a deep elf pyromancer

Levels and vault maps discovered:
D:1:      evilmike_arrival_crescent, layout_basic, minmay_heptomino_h4
D:2:      layout_rooms, ebering_ecumenical_altar_hall, basic_altar,
          nicolae_shop_vocational
D:3:      layout_rooms, minmay_misc_feat_four_crosses, grunt_ministairs_7
D:4:      layout_rooms
D:5:      layout_cave_pools, mainiacjoe_overflow_paths, temple_statues,
          portal_sewer_entry_a, amcnicky_mini_rare_corridor_liquid
D:6:      layout_gridville, chequers_serial_rivers_small_a, grunt_decor_junction
D:7:      layout_rooms, serial_shops, shop, uniq_menkaure
D:8:      statuecave_lemuel, layout_basic
D:9:      layout_basic, mainiacjoe_overflow_concentric_impassable,
          mainiacjoe_overflow_divided_tiny, erik_lair_orcish_takeover,
          kennysheep_small_circle
D:10:     layout_basic, erik_orc_4, minmay_splitting_lines,
          dreamdust_princess_corridor, minivault_14
D:11:     layout_grid_maze, gauntlet_entry_generic, serial_shops, shop,
          uniq_grum
D:12:     layout_layer_cave, yredelemnul_altar_generic, uniq_fannar
D:13:     layout_loops_cross, erik_vaults_1
Temple:   dpeg_five_rooms_temple
Lair:1:   layout_cave_pods, portal_ice_cave_rime
Lair:2:   layout_chaotic_city, infiniplex_staircase_pool
Lair:3:   layout_regular_city, shoals_dummy_entry,
          nicolae_snake_entry_warm_welcome, gammafunk_ghost_wrathful_warriors,
          ice2_lemuel
Lair:4:   layout_roguey, nicolae_lair_lil_pond
Lair:5:   grunt_lair_end_beastmaster, layout_hall_layers,
          minmay_slime_entry_oklob_enclosed

Skill      XL: |  1  2  3  4  5  6  7  8  9 10 11 12 13 14 |
---------------+-------------------------------------------+-----
Axes           | 2 3 5 6 7 9 10 11 12 13 | 13.0
Shields        | 4 6 7 8 9 11 12 13 14 15 | 15.0
Invocations    | 4 5 9 10 | 10.0
Fighting       | 4 5 7 8 9 10 | 10.0
Armour         | 4 5 6 7 9 10 | 10.0
Dodging        | 1 |  1.1
Throwing       | |  0.5

Action                     |  1- 3 |  4- 6 |  7- 9 | 10-12 | 13-15 || total
---------------------------+-------+-------+-------+-------+-------++-------
  Melee: War axe           |   117 |   266 |   405 |   385 |    26 ||  1199
         Broad axe         |       |       |       |   286 |   616 ||   902
  Throw: Javelin           |       |       |       |    15 |       ||    15
 Invoke: Heroism           |       |       |    10 |    30 |    11 ||    51
         Finesse           |       |       |       |     1 |     1 ||     2
    Use: Scroll            |     3 |    13 |     4 |    10 |     3 ||    33
         Potion            |       |     3 |     1 |     2 |       ||     6
   Stab: Petrified         |       |       |       |       |    10 ||    10
 Armour: Scale mail        |    73 |   192 |    60 |       |       ||   325
         Plate armour      |       |       |   343 |   404 |   424 ||  1171
  Dodge: Dodged            |    80 |    95 |   108 |   112 |   130 ||   525
  Block: Buckler           |    14 |       |       |       |       ||    14
         Tower shield      |     5 |   248 |   415 |   568 |   602 ||  1838

Table legend:
 A = Non-vault XP
 B = Vault XP
 C = Vault XP percentage of total XP
 D = Non-vault monster count
 E = Vault monster count
 F = Vault count percentage of total count
                 A         B        C        D         E       F
            +---------+---------+-------+---------+---------+-------
      Total |   47365 |   15705 |  24.9 |     349 |      99 |  22.1
            +---------+---------+-------+---------+---------+-------
        D:1 |     103 |       4 |   3.7 |      33 |       2 |   5.7
        D:2 |      59 |       0 |   0.0 |      17 |       0 |   0.0
        D:3 |     113 |       3 |   2.6 |      19 |       2 |   9.5
        D:4 |      58 |       0 |   0.0 |       8 |       0 |   0.0
        D:5 |     985 |      15 |   1.5 |      27 |       3 |  10.0
        D:6 |    1483 |       0 |   0.0 |      27 |       0 |   0.0
        D:7 |     561 |     157 |  21.9 |      10 |       1 |   9.1
        D:8 |    1921 |       0 |   0.0 |      31 |       0 |   0.0
        D:9 |    1590 |     571 |  26.4 |      12 |       9 |  42.9
       D:10 |     699 |     604 |  46.4 |      14 |      17 |  54.8
       D:11 |    3304 |     428 |  11.5 |      17 |       3 |  15.0
       D:12 |    4262 |     939 |  18.1 |      22 |       2 |   8.3
       D:13 |    1468 |    1654 |  53.0 |       3 |       2 |  40.0
     Lair:1 |    5580 |     746 |  11.8 |      21 |       2 |   8.7
     Lair:2 |    6473 |       0 |   0.0 |      28 |       0 |   0.0
     Lair:3 |    4981 |    2650 |  34.7 |      21 |      14 |  40.0
     Lair:4 |    6249 |       0 |   0.0 |      19 |       0 |   0.0
     Lair:5 |    7476 |    7894 |  51.4 |      20 |      17 |  45.9
      Sewer |       0 |      40 | 100.0 |       0 |      25 | 100.0
            +---------+---------+-------+---------+---------+-------
